 Dungeon Crawl Stone Soup version 0.30-b1-2-g02819fbbbe (webtiles) character file.

Game seed: 6711038339686234752

71 prikolics the Grasshopper (level 4, -1/40 HPs)
             Began as a Naga Warper on Aug 8, 2023.
             Slain by a scorpion (6 damage)
             ... on level 3 of the Dungeon.
             The game lasted 00:12:37 (2448 turns).

prikolics the Grasshopper (Naga Warper)             Turns: 2448, Time: 00:12:37

Health: -1/40      AC:  4    Str: 17 (19) XL:     4   Next: 24%
Magic:  7/7        EV:  9    Int: 12 (15) God:
Gold:   188        SH:  0    Dex:  9 (11) Spells: 7/7 levels left

rFire   . . .        i - +0 dagger (elec)
rCold   . . .        (no shield)
rNeg    . . .        b - +0 leather armour
rPois   +            r - +0 helmet
rElec   .            (no cloak)
rCorr   .            (no gloves)
SInv    +            (no barding)
Will    .....        (no amulet)
Stlth   +            m - +6 ring of strength
HPRegen 0.26/turn    (no ring)
MPRegen 0.10/turn

%: no passive effects
@: lethally poisoned (-1 -> -8), very slow
A: AC +1, large, see invisible, deformed body, poison resistance, slowness 2,
spit poison 1, naga tail 1
a: Spit Poison


You were on level 3 of the Dungeon.
You visited 1 branch of the dungeon, and saw 3 of its levels.

You collected 188 gold pieces.

Inventory:

Hand Weapons
 a - a +0 spear
 i - a +0 dagger of electrocution (weapon)
 p - a +0 sling
Missiles
 d - 7 boomerangs of dispersal (quivered)
 g - 44 stones
Armour
 b - a +0 leather armour (worn)
 r - a +0 helmet (worn)
Jewellery
 m - a +6 ring of strength (left hand)
Scrolls
 c - a scroll of blinking
 e - 4 scrolls of identify {unknown}
 f - a scroll of noise {unknown}
 h - 4 scrolls of fear {unknown}
 j - 2 scrolls of fog {unknown}
 k - a scroll of teleportation {unknown}
 l - a scroll of poison {unknown}
 n - 2 scrolls of enchant armour {unknown}
Potions
 o - 2 potions of degeneration
 q - a potion of haste {unknown}


   Skills:
 + Level 2.7 Fighting
 + Level 2.3 Polearms
 + Level 0.9 Throwing
 + Level 1.8 Armour
 + Level 2.1 Dodging
 + Level 0.4 Stealth
 + Level 2.0 Spellcasting
 + Level 3.2 Translocations


You had 7 spell levels left.
You didn't know any spells.
Your spell library contained the following spells:

 Spells                   Type           Power      Damage    Failure   Level
 Blink                    Tloc           18%        N/A       13%         2
 Lesser Beckoning         Tloc           18%        N/A       13%         2
 Teleport Other           Tloc           9%         N/A       26%         3
 Poisonous Vapours        Pois/Air       2%         N/A       43%         2
 Portal Projectile        Hex/Tloc       10%        N/A       45%         3
 Vhi's Electric Charge    Tloc/Air       10%        N/A       45%         3
 Manifold Assault         Tloc           9%         N/A       63%         4
 Call Canine Familiar     Summ           1%         N/A       67%         3
 Mephitic Cloud           Conj/Pois/Air  1%         N/A       67%         3
 Leda's Liquefaction      Hex/Erth       0%         N/A       97%         4
 Arcjolt                  Conj/Air       0%         1d10      100%        5
 Freezing Cloud           Conj/Ice/Air   0%         6-21      100%        5
 Maxwell's Capacitive Co  Air            0%         ∞         100%        8


Dungeon Overview and Level Annotations

Branches:
Dungeon (3/15)

Altars:

Shops:
D:3 =


Innate Abilities, Weirdness & Mutations

Your serpentine skin is tough. (AC +1)
You have supernaturally acute eyesight. (SInv)
Armour fits poorly on your strangely shaped body.
Your system is resistant to poisons. (rPois)
You cover ground very slowly.
You can spit poison.
You have a snake-like lower body.


Message History

Aiming: Spit Poison (1% risk of failure)
Press: ? - help, Shift-Dir - straight line, f/p - scorpion
Aim: a scorpion (59% to hit)
The splash of poison hits the scorpion!
The scorpion is heavily wounded.
The scorpion stings you but does no damage.
You barely miss the scorpion.
The scorpion is heavily wounded.
The scorpion stings you.
You are poisoned.
The scorpion poisons you!
You closely miss the scorpion.
The scorpion is heavily wounded.
You feel very sick. The scorpion barely misses you.
You hit the scorpion but do no damage.
The scorpion is heavily wounded.
You feel sick. The scorpion barely misses you.
You hit the scorpion but do no damage.
The scorpion is heavily wounded.
You feel sick. The scorpion stings you.
You are more poisoned.
The scorpion poisons you! The scorpion stings you!
You barely miss the scorpion.
The scorpion is heavily wounded.
You have got your breath back.
You feel very sick. The scorpion barely misses you.
You barely miss the scorpion.
The scorpion is heavily wounded.
* * * LOW HITPOINT WARNING * * *
You feel very sick. The scorpion stings you.
* * * LOW HITPOINT WARNING * * *
It was a potion of degeneration.
There was something very wrong with that liquid.
You feel weakened.
You feel dopey.
You feel clumsy.
* * * LOW HITPOINT WARNING * * *
You feel sick. The scorpion stings you.
You die...

#.# #.#
#.##################.#######
#...........................
#)#################..#######
#.# #..# #.# ######### #..#
#.# ........# #..# #.#
#s#####..# #.# .# #.@......#
#.##.###############.#######
#.##.#.....................#
#
#.##.#.#############.#####.#
# #.##.#.# #[# #.# #
#.##.#.# #.# #.# # #.##.#.#
#.# #.# # #)...#.########
#.# #.# #
####[.........######.# #.# #


You could see a scorpion.

Vanquished Creatures
  2 adders
  A worm (D:2)
  An orc (D:3)
  An endoplasm (D:1)
  2 giant cockroaches (D:1)
  3 hobgoblins
  7 jackals
  4 quokkas
  3 ball pythons
  5 bats
  3 frilled lizards
  3 goblins
  9 kobolds
  A rat (D:1)
45 creatures vanquished.

Notes
Turn   | Place    | Note
-------+----------+-------------------------------------------
     0 | D:1      | prikolics the Naga Warper began the quest for the Orb.
     0 | D:1      | Reached XP level 1. HP: 19/19 MP: 3/3
    98 | D:1      | Reached XP level 2. HP: 23/26 MP: 5/5
   142 | D:1      | Found a faded altar of an unknown god.
   641 | D:1      | Reached skill level 1 in Armour
   908 | D:2      | Reached XP level 3. HP: 27/33 MP: 6/6
  1858 | D:3      | Reached XP level 4. HP: 40/40 MP: 7/7
  2283 | D:3      | Found Huqileen's Jewellery Shop.
  2434 | D:3      | Noticed a scorpion
  2448 | D:3      | Slain by a scorpion

Illustrated notes

Levels and vault maps discovered:
D:1:      dpeg_arrival_rooms_c, layout_loops_cross,
          hellmonk_ecumenical_altar_crossroads
D:2:      layout_loops_ring
D:3:      layout_basic, serial_shops, nicolae_shop_back_alley_shop

Skill      XL: |  1  2  3 |
---------------+----------+-----
Armour         | 1 |  1.8
Dodging        | 2 |  2.1
Fighting       | |  2.7
Polearms       | |  2.3
Throwing       | |  0.9
Stealth        | |  0.4
Spellcasting   | |  2.0
Translocations | |  3.2

Action                     |  1- 3 |  4- 6 || total
---------------------------+-------+-------++-------
  Melee: Spear             |    31 |       ||    31
         Dagger            |    92 |    33 ||   125
         Punch             |       |     1 ||     1
Ability: Spit Poison       |    16 |     7 ||    23
    Use: Potion            |     2 |     1 ||     3
 Armour: Leather armour    |    25 |     9 ||    34
  Dodge: Dodged            |    59 |    15 ||    74
